 Dungeon Crawl Stone Soup version 0.25-a0-942-g87a53962fc (webtiles) character file.

Game seed: 10379664449138453394, levelgen mode: deterministic

40443 kae the Impaler (level 14, -11/109 HPs)
             Began as a Merfolk Ice Elementalist on May 6, 2020.
             Was the Champion of Okawaru.
             Killed from afar by a manticore (13 damage)
             ... with a volley of spikes
             ... on level 5 of the Lair of Beasts.
             The game lasted 00:22:57 (22168 turns).

kae the Impaler (Merfolk Ice Elementalist)         Turns: 22168, Time: 00:22:58

Health: -11/109    AC: 16    Str: 16    XL:     14   Next: 11%
Magic:  1/27       EV: 12    Int: 22    God:    Okawaru [******]
Gold:   383        SH:  5    Dex: 14    Spells: 24/31 levels left

rFire    + . .     SeeInvis .   G - +2 spear
rCold    + . .     Gourm    .   L - +0 buckler "Piang" {Str+4}
rNeg     . . .     Faith    .   H - +3 leather armour {rC+}
rPois    +         Spirit   .   u - +2 helmet {Int+3}
rElec    .         Reflect  .   h - +2 cloak {rPois}
rCorr    .         Harm     .   M - +0 pair of gloves of the Circus Animal {+Blink Regen+ Int+3}
MR       +....                  s - +2 pair of boots
Stlth    +++.......             x - amulet of regeneration
HPRegen  1.08/turn              p - ring of stealth
MPRegen  0.20/turn              y - ring of protection from fire

@: about to teleport, barbed spikes
A: change form in water, swift swim, stealthy swim
a: Heroism, Finesse, Renounce Religion, Evoke Blink


You were on level 5 of the Lair of Beasts.
You worshipped Okawaru.
Okawaru was exalted by your worship.
You were not hungry.

You visited 3 branches of the dungeon, and saw 17 of its levels.

You collected 802 gold pieces.
You spent 419 gold pieces at shops.

Inventory:

Hand Weapons
 l - a +0 mace
 G - a +2 spear (weapon)
Armour
 h - a +2 cloak of poison resistance (worn)
 s - a +2 pair of boots (worn)
 u - a +2 helmet of intelligence (worn)
 E - the +0 pair of fencer's gloves {Riposte Dex+3}
   (Okawaru gifted it to you on level 1 of the Lair of Beasts)

   It affects your dexterity (+3).
 H - a +3 leather armour of cold resistance (worn)
 L - the +0 buckler "Piang" (worn) {Str+4}
   (Okawaru gifted it to you on level 3 of the Lair of Beasts)

   It affects your strength (+4).
 M - the +0 pair of gloves of the Circus Animal (worn) {+Blink Regen+ Int+3}
   (You found it on level 4 of the Lair of Beasts)

   It affects your intelligence (+3).
   It lets you blink.
   It increases your rate of regeneration.
Jewellery
 a - a cursed ring of resist corrosion {unknown}
 k - an uncursed amulet of guardian spirit
 p - a ring of stealth (left hand)
 r - an uncursed ring of flight {unknown}
 x - an amulet of regeneration (around neck)
 y - a ring of protection from fire (right hand)
Wands
 d - a wand of random effects (14)
 g - a wand of digging (6)
 v - a wand of flame (29)
 B - a wand of enslavement (14)
 C - a wand of disintegration (13)
 K - a wand of acid (14)
Scrolls
 f - 9 scrolls of remove curse
 n - 5 scrolls of magic mapping
 o - a scroll of amnesia
 t - a scroll of teleportation
Potions
 b - 4 potions of might
 e - 5 potions of curing
 i - 2 potions of berserk rage
 j - 4 potions of stabbing
 m - 5 potions of haste
 w - a potion of cancellation
 z - 3 potions of lignification
 A - 2 potions of flight
 D - 3 potions of mutation
 F - 2 potions of resistance
 I - 2 potions of brilliance {unknown}
 J - a potion of ambrosia {unknown}
 N - a potion of invisibility {unknown}
Comestibles
 c - 19 rations


   Skills:
 + Level 9.8 Fighting
 * Level 16.7 Polearms
 - Level 2.6 Dodging
 - Level 2.1 Stealth
 - Level 4.0 Shields
 - Level 9.0 Spellcasting
 - Level 14.5 Ice Magic
 + Level 9.0 Invocations


You had 24 spell levels left.
You knew the following spells:

 Your Spells              Type           Power        Failure   Level  Hunger
a - Freeze                Ice            ####         1%          1    None
b - Frozen Ramparts       Ice            ######       1%          3    None
c - Ozocubu's Armour      Chrm/Ice       #####...     1%          3    None

Your spell library contained the following spells:

 Spells                   Type           Power        Failure   Level  Hunger
 Hailstorm                Conj/Ice       #####...     4%          4    ##.....
 Summon Ice Beast         Ice/Summ       #####...     4%          4    ##.....
 Animate Skeleton         Necr           N/A          9%          1    None
 Foxfire                  Conj/Fire      #...         9%          1    None
 Pain                     Necr           #...         9%          1    None
 Metabolic Englaciation   Hex/Ice        #####.....   12%         5    #####..
 Confusing Touch          Hex            #.......     24%         3    None
 Gell's Gravitas          Tloc           #.........   24%         3    None
 Vampiric Draining        Necr           #.........   24%         3    None
 Animate Dead             Necr           N/A          63%         4    ##.....
 Cause Fear               Hex            #.........   63%         4    ##.....
 Petrify                  Tmut/Erth      #.......     63%         4    ##.....
 Agony                    Necr           #.......     92%         5    #####..
 Yara's Violent Unravell  Hex/Tmut       #.........   92%         5    #####..
 Dragon Form              Tmut           #.........   100%        7    #######
 Dragon's Call            Summ           #.........   100%        9    #######


Dungeon Overview and Level Annotations

Branches:
Dungeon (11/15)            Temple (1/1) D:4            Lair (5/6) D:11
 Shoals (0/4) Lair:2       Spider (0/4) Lair:3          Orc (0/2) D:9
  Slime: Lair:5-6

Altars:
Ashenzari
Cheibriados
Dithmenos
Elyvilon
Fedhas
Gozag
Hepliaklqana
Kikubaaqudgha
Makhleb
Nemelex Xobeh
Okawaru
Qazlal
Ru
Sif Muna
Trog
Uskayaw
Vehumet
Wu Jian
Xom
Yredelemnul
Zin
The Shining One

Shops:
D:6 =[%

Annotations:
D:9 3 runed translucent doors, incide's ghost, novice GnWn; kae's ghost, novice MfIE
Lair:3 Fannar
Lair:4 3 runed translucent doors, Doschamyxt's ghost, journeyman MfGl


Message History

Confirm with . or Enter, or press ? or * to list all spells.
Aiming: Freeze (safe; 1% risk of failure)
Press: ? - help, Shift-Dir - straight line, f/p - killer bee
Aim: a killer bee (severely wounded)
You freeze the killer bee!
You kill the killer bee!
Okawaru accepts your kill.
The killer bee buzzes angrily.
You hear a roar!
The manticore flicks its tail.
The volley of spikes hits you!
The barbed spikes become lodged in your body.
* * * LOW HITPOINT WARNING * * *
You hear an angry buzzing noise.
As you read the scroll of teleportation, it crumbles to dust.
You feel strangely unstable.
You hear an angry buzzing noise.
The manticore flicks its tail.
The volley of spikes hits you!
The barbed spikes become lodged in your body.
You die...

#########
#...@...#
#.#.###.#.....
#) .$# ##. #y
##H# .. #y. .#
.#. # # # .


You could see a manticore and 2 killer bees.

Vanquished Creatures
  3 entropy weavers (Lair:4)
  4 hydras
  2 ghost crabs (Lair:4)
  A two-headed ogre (D:9)
  6 fire crabs (Lair:4)
  Nergalle (Lair:4)
  An unseen horror (D:11)
  A manticore (Lair:5)
  An apocalypse crab (Lair:4)
  3 centaur zombies
  A gargoyle (D:10)
  A black mamba (Lair:3)
  3 elephants (Lair:4)
  5 spiny frogs
  5 komodo dragons
  4 jumping spiders (Lair:3)
  A meliai (Lair:5)
  A merfolk (Lair:2)
  6 blink frogs
  2 slime creatures (D:11)
  2 polar bears
  14 hippogriffs
  2 wyverns
  4 redbacks (Lair:3)
  38 yaks
  A wraith (D:10)
  4 basilisks
  A hungry ghost (D:10)
  7 water moccasins
  12 porcupines
  4 orc warriors
  2 ice beasts
  4 black bears
  5 sky beasts
  A wolf (Lair:5)
  9 ogres
  2 phantoms
  6 centaurs
  5 crocodiles
  2 big kobolds
  13 bullfrogs
  A gnoll sergeant (D:7)
  A wyvern skeleton (D:10)
  6 scorpions
  19 killer bees
  5 wights (D:11)
  A vampire bat (D:7)
  2 bullfrog zombies (D:11)
  7 crimson imps
  8 hounds
  8 orc priests
  3 centaur skeletons
  10 jellies
  A quasit (D:7)
  10 orc wizards
  A bullfrog skeleton (D:6)
  7 worker ants
  Natasha (thrice) (D:4)
  2 killer bee zombies
  A hound zombie (D:8)
  A hound skeleton (D:4)
  2 worker ant zombies
  12 adders
  7 gnolls
  A howler monkey skeleton (D:3)
  A shadow imp (D:5)
  6 oozes
  2 adder zombies (D:7)
  An adder skeleton (D:4)
  4 worms
  3 dart slugs
  11 leopard geckos
  41 orcs
  A ball python (D:8)
  3 bat skeletons (D:7)
  4 bat zombies
  3 giant cockroaches
  4 goblins
  6 hobgoblins
  13 jackals
  12 kobolds
  8 quokkas
  6 bats
  3 frilled lizards
  A goblin skeleton (D:9)
  A goblin zombie (D:9)
  3 hobgoblin zombies (D:9)
  A kobold skeleton (D:9)
  2 kobold zombies (D:9)
  A leopard gecko zombie (D:7)
  2 orc zombies (D:9)
  5 rats
  A plant (Lair:1)
458 creatures vanquished.

Vanquished Creatures (others)
  26 fungi
  13 plants
39 creatures vanquished.

Grand Total: 497 creatures vanquished

Notes
Turn   | Place    | Note
-------+----------+-------------------------------------------
     0 | D:1      | kae the Merfolk Ice Elementalist began the quest for the
                  | Orb.
     0 | D:1      | Reached XP level 1. HP: 13/13 MP: 3/3
   503 | D:1      | Reached XP level 2. HP: 19/19 MP: 3/5
   944 | D:1      | Reached skill level 5 in Ice Magic
  1458 | D:2      | Reached XP level 3. HP: 22/24 MP: 4/6
  1464 | D:2      | Learned a level 3 spell: Frozen Ramparts
  2389 | D:3      | Reached XP level 4. HP: 23/30 MP: 8/8
  2464 | D:3      | Learned a level 3 spell: Ozocubu's Armour
  2680 | D:3      | Found a hazy altar of Hepliaklqana.
  2681 | D:3      | Found a shimmering altar of Xom.
  2682 | D:3      | Noticed a spectral ugly thing
  3010 | D:3      | Found an ornate altar of the Wu Jian Council.
  3095 | D:3      | Reached XP level 5. HP: 35/35 MP: 3/9
  3666 | D:4      | Noticed Natasha
  3837 | D:4      | Killed Natasha
  3952 | D:4      | Noticed Natasha
  3965 | D:4      | Killed Natasha
  4012 | D:4      | Reached XP level 6. HP: 34/41 MP: 5/11
  4081 | D:4      | Noticed a phantom
  4158 | D:4      | Killed a phantom
  4725 | D:4      | Reached XP level 7. HP: 46/46 MP: 10/13
  4796 | D:4      | Noticed Natasha
  4804 | D:4      | Killed Natasha
  4897 | D:4      | Found a staircase to the Ecumenical Temple.
  5083 | D:4      | Found a burning altar of Makhleb.
  5222 | D:4      | Found a shimmering altar of Xom.
  5501 | Temple   | Entered the Ecumenical Temple
  5708 | Temple   | Became a worshipper of Warmaster Okawaru
  5788 | D:5      | Entered Level 5 of the Dungeon
  5848 | D:5      | Found an ancient bone altar of Kikubaaqudgha.
  6333 | D:5      | Reached XP level 8. HP: 12/52 MP: 0/15
  6780 | D:5      | Reached skill level 5 in Spellcasting
  7522 | D:6      | Found a glowing silver altar of Zin.
  7533 | D:6      | Reached * piety under Okawaru
  7561 | D:6      | Found an opulent altar of Gozag.
  7597 | D:6      | Noticed a hippogriff
  7607 | D:6      | Killed a hippogriff
  7607 | D:6      | Reached skill level 10 in Ice Magic
  7679 | D:6      | Found Birid's Food Shoppe.
  7750 | D:6      | Found a blossoming altar of Fedhas.
  8296 | D:6      | Reached ** piety under Okawaru
  8444 | D:6      | Noticed a hippogriff
  8451 | D:6      | Killed a hippogriff
  8451 | D:6      | Reached XP level 9. HP: 21/57 MP: 4/18
  8807 | D:6      | Found Ihadyero's Antique Armour Shop.
  8810 | D:6      | Found Ziggob's Jewellery Boutique.
  8813 | D:6      | Bought a pair of runed boots for 157 gold pieces
  8813 | D:6      | Bought a shiny helmet for 157 gold pieces
  9240 | D:7      | Found a bloodstained altar of Trog.
  9423 | D:7      | Reached *** piety under Okawaru
  9946 | D:7      | Found an ancient bone altar of Kikubaaqudgha.
 10395 | D:8      | Reached XP level 10. HP: 63/63 MP: 16/21
 11169 | D:8      | Reached **** piety under Okawaru
 11510 | D:9      | Found a glowing golden altar of the Shining One.
 11609 | D:9      | Found a runed translucent gate.
 11609 | D:9      | Found a runed translucent gate.
 11609 | D:9      | Found a runed translucent gate.
 11610 | D:9      | Noticed incide's ghost (novice GnWn)
 11610 | D:9      | Noticed a two-headed ogre
 11610 | D:9      | Noticed kae's ghost (novice MfIE)
 11618 | D:9      | Killed a two-headed ogre
 11618 | D:9      | Reached ***** piety under Okawaru
 11650 | D:9      | Found a staircase to the Orcish Mines.
 11817 | D:9      | Found a snail-covered altar of Cheibriados.
 11929 | D:9      | Reached XP level 11. HP: 48/68 MP: 16/24
 12464 | D:10     | Entered Level 10 of the Dungeon
 12535 | D:10     | Reached skill level 1 in Polearms
 12542 | D:10     | Reached skill level 1 in Fighting
 12542 | D:10     | Reached skill level 2 in Polearms
 12628 | D:10     | Reached skill level 3 in Polearms
 12638 | D:10     | Reached skill level 4 in Polearms
 13032 | D:10     | Reached skill level 5 in Polearms
 13320 | D:11     | Reached skill level 6 in Polearms
 13327 | D:11     | Killed an unseen horror
 13423 | D:11     | Reached skill level 7 in Polearms
 13431 | D:11     | Found a staircase to the Lair.
 13483 | D:11     | Reached skill level 1 in Invocations
 13767 | D:11     | Reached skill level 8 in Polearms
 14199 | D:11     | Reached skill level 9 in Polearms
 14227 | D:11     | Received a gift from Okawaru
 14518 | D:11     | Reached skill level 5 in Fighting
 14856 | D:11     | Reached skill level 10 in Polearms
 15097 | D:11     | Reached XP level 12. HP: 75/86 MP: 18/25
 15245 | Lair:1   | Entered Level 1 of the Lair of Beasts
 15453 | Lair:1   | Noticed a five-headed hydra
 15462 | Lair:1   | Killed a five-headed hydra
 15462 | Lair:1   | Reached skill level 11 in Polearms
 15835 | Lair:1   | Reached skill level 5 in Invocations
 16198 | Lair:1   | Received a gift from Okawaru
 16199 | Lair:1   | Found the +0 pair of fencer's gloves {Riposte Dex+3}
 16281 | Lair:1   | Reached skill level 12 in Polearms
 16862 | D:6      | Bought a glowing leather armour for 105 gold pieces
 17321 | Lair:2   | Found a staircase to the Shoals.
 17595 | Lair:2   | Reached skill level 13 in Polearms
 17759 | Lair:2   | Reached skill level 1 in Shields
 18289 | Lair:3   | Found a hole to the Spider Nest.
 18405 | Lair:3   | Reached XP level 13. HP: 80/98 MP: 18/26
 18619 | Lair:3   | Reached skill level 14 in Polearms
 19073 | Lair:3   | Noticed Fannar
 19357 | Lair:3   | Reached ****** piety under Okawaru
 19842 | Lair:3   | Received a gift from Okawaru
 19845 | Lair:3   | Got a crude buckler {god gift}
 19857 | Lair:3   | Identified the +0 buckler "Piang" {Str+4} (Okawaru gifted
                  | it to you on level 3 of the Lair of Beasts)
 19903 | Lair:4   | Noticed Nergalle
 19904 | Lair:4   | Found a runed translucent gate.
 19915 | Lair:4   | Killed Nergalle
 20350 | Lair:4   | Found a runed translucent gate.
 20357 | Lair:4   | Found a runed translucent gate.
 20357 | Lair:4   | Noticed Doschamyxt's ghost (journeyman MfGl)
 20398 | Lair:4   | Reached skill level 15 in Polearms
 20804 | Lair:4   | Found a runed translucent door.
 21072 | Lair:4   | Noticed an entropy weaver
 21165 | Lair:4   | Killed an entropy weaver
 21457 | Lair:4   | Noticed an entropy weaver
 21473 | Lair:4   | Killed an entropy weaver
 21473 | Lair:4   | Reached skill level 16 in Polearms
 21549 | Lair:4   | Received a gift from Okawaru
 21680 | Lair:4   | Noticed an entropy weaver
 21699 | Lair:4   | Killed an entropy weaver
 21829 | Lair:4   | Reached XP level 14. HP: 86/108 MP: 20/27
 21914 | Lair:4   | Got a pair of distressingly furry gloves
 21933 | Lair:4   | Identified the +0 pair of gloves of the Circus Animal
                  | {+Blink Regen+ Int+3} (You found it on level 4 of the Lair
                  | of Beasts)
 22159 | Lair:5   | HP: 1/109 [killer bee (9)]
 22167 | Lair:5   | HP: 1/109 [manticore/volley of spikes (15)]
 22168 | Lair:5   | Killed from afar by a manticore

Levels and vault maps discovered:
D:1:      saegor_arrival_fortress, layout_basic
D:2:      layout_basic, first_ration
D:3:      layout_basic, regret_index_temple_of_mockery, lemuel_crystal_altar
D:4:      layout_loops_ring, makhleb_blood_cavern_becter, temple_hall, tgw_xom,
          uniq_natasha
D:5:      layout_loops_cross, basic_altar, roderic_serpentine_path,
          kennysheep_generic_room_15
D:6:      layout_basic, grunt_temple_overflow_gold_and_silver, serial_shops,
          nicolae_shop_stone, shop, nicolae_shop_crystal, fedhas_altar_3
D:7:      layout_rooms, kennysheep_vampire_church, trog_three_pillars_becter
D:8:      layout_loops_ring
D:9:      layout_loops_ring, marbit_many_paths, nicolae_tso_besieged_by_evil,
          orc_0_dummy, gammafunk_ghost_cemetery
D:10:     layout_basic, hangedman_little_slice_of_home
D:11:     layout_loops_corners, due_lair_maze_entry_diamond
Temple:   nicolae_temple_figure_eight
Lair:1:   layout_cave_pods, minmay_hedge_maze, serial_bayou_lagoon_a
Lair:2:   layout_gridlike, elwin_shoals_entry_rooms, gauntlet_entry_generic
Lair:3:   layout_chaotic_city, nicolae_spider_entry_tight_spaces,
          minmay_lair_oklob_chamber, uniq_fannar
Lair:4:   gammafunk_mikee_crab_dinner, layout_cave_shapes,
          gammafunk_ghost_split, uniq_nergalle
Lair:5:   regret_index_tunnel_blossom, layout_loops_ring, special_room
          [special_room_bee]

Skill      XL: |  1  2  3  4  5  6  7  8  9 10 11 12 13 14 |
---------------+-------------------------------------------+-----
Ice Magic      | 5 6 7 9 11 12 14 | 14.5
Spellcasting   | 3 4 6 7 9 |  9.0
Polearms       | 10 13 16 | 16.7
Fighting       | 5 7 9 |  9.8
Invocations    | 3 6 8 9 |  9.0
Shields        | 2 4 |  4.0
Dodging        | |  2.6
Stealth        | |  2.1

Action                   |  1- 3 |  4- 6 |  7- 9 | 10-12 | 13-15 || total
-------------------------+-------+-------+-------+-------+-------++-------
Melee: Unarmed           |    14 |       |       |       |       ||    14
       Club              |    20 |       |       |       |       ||    20
       Mace              |    13 |    69 |   188 |   128 |       ||   398
       Spear             |       |       |       |   390 |    84 ||   474
       Punch             |       |       |       |     1 |       ||     1
       Tailslap          |       |       |       |    11 |       ||    11
 Cast: Freeze            |    50 |    62 |   112 |   347 |   194 ||   765
       Frozen Ramparts   |       |     3 |    34 |    59 |    27 ||   123
       Ozocubu's Armour  |       |     2 |       |     1 |     2 ||     5
Invok: Heroism           |       |       |       |     6 |     2 ||     8
Evoke: Wand              |       |       |       |     3 |       ||     3
  Use: Potion            |       |       |     4 |     1 |     2 ||     7
       Scroll            |       |       |    15 |     8 |     6 ||    29
 Stab: Sleeping          |       |     1 |    10 |    16 |     2 ||    29
       Distracted        |       |       |       |     2 |       ||     2
       Paralysed         |       |       |       |       |     4 ||     4
  Eat: Chunk             |     5 |     8 |    19 |    26 |    10 ||    68
       Ration            |       |       |       |     3 |     1 ||     4
Armor: Robe              |    35 |    30 |   143 |   272 |       ||   480
       Leather armour    |       |       |       |    40 |   133 ||   173
Dodge: Dodged            |    82 |    77 |   307 |   450 |   175 ||  1091
Block: Buckler           |       |       |       |    14 |    81 ||    95
       Rpst.: Spear      |       |       |       |    16 |    22 ||    38

Table legend:
 A = Non-vault XP
 B = Vault XP
 C = Vault XP percentage of total XP
 D = Non-vault monster count
 E = Vault monster count
 F = Vault count percentage of total count
                 A         B        C        D         E       F
            +---------+---------+-------+---------+---------+-------
      Total |   38726 |   19051 |  33.0 |     377 |      80 |  17.5
            +---------+---------+-------+---------+---------+-------
        D:1 |      27 |       4 |  12.9 |      14 |       2 |  12.5
        D:2 |      38 |       0 |   0.0 |      14 |       0 |   0.0
        D:3 |     113 |       0 |   0.0 |      27 |       0 |   0.0
        D:4 |     595 |      88 |  12.9 |      29 |       5 |  14.7
        D:5 |     625 |       0 |   0.0 |      24 |       0 |   0.0
        D:6 |    1238 |       0 |   0.0 |      16 |       0 |   0.0
        D:7 |    1459 |      67 |   4.4 |      39 |       6 |  13.3
        D:8 |    2387 |       0 |   0.0 |      40 |       0 |   0.0
        D:9 |    2536 |     196 |   7.2 |      20 |      12 |  37.5
       D:10 |    2188 |     159 |   6.8 |      24 |       8 |  25.0
       D:11 |    5916 |    1359 |  18.7 |      46 |       9 |  16.4
     Lair:1 |    5814 |       0 |   0.0 |      26 |       0 |   0.0
     Lair:2 |    4473 |     278 |   5.9 |      19 |       1 |   5.0
     Lair:3 |    6391 |    2093 |  24.7 |      21 |       8 |  27.6
     Lair:4 |    4833 |   12079 |  71.4 |      17 |      13 |  43.3
     Lair:5 |      93 |    2728 |  96.7 |       1 |      16 |  94.1
            +---------+---------+-------+---------+---------+-------
